 Dungeon Crawl Stone Soup version 0.26.1-10-gdfb7c7de75 (webtiles) character file.

Game seed: 5217207015732804355

156 manyhoops the Skirmisher (level 5, -2/48 HPs)
             Began as a Palentonga Fighter on Mar 31, 2021.
             Slain by a gnoll (3 damage)
             ... on level 3 of the Dungeon.
             The game lasted 00:04:26 (2562 turns).

manyhoops the Skirmisher (Palentonga Fighter)       Turns: 2562, Time: 00:04:27

Health: -2/48      AC:  8    Str: 21    XL:     5   Next: 15%
Magic:  5/5        EV:  6    Int:  8    God:
Gold:   76         SH:  9    Dex:  9    Spells: 4/4 levels left

rFire    . . .     SeeInvis +   a - +0 war axe
rCold    . . .     Faith    .   c - +0 kite shield
rNeg     . . .     Spirit   .   b - +0 scale mail
rPois    .         Reflect  .   j - +1 helmet
rElec    .         Harm     .   (no cloak)
rCorr    .         Rampage  .   (no gloves)
Will     .....                  (no barding)
Stlth    ..........             (no amulet)
HPRegen  0.16/turn              (no ring)
MPRegen  0.09/turn              (no ring)

@: mighty
A: large, rugged brown scales 3, see invisible, deformed body, roll 1, armoured
tail
a: Rolling Charge


You were on level 3 of the Dungeon.
You visited 1 branch of the dungeon, and saw 3 of its levels.

You collected 76 gold pieces.

Inventory:

Hand Weapons
 a - a +0 war axe (weapon)
Missiles
 k - 2 poisoned darts (quivered)
Armour
 b - a +0 scale mail (worn)
 c - a +0 kite shield (worn)
 j - a +1 helmet (worn)
Wands
 i - a wand of acid (6)
Scrolls
 e - a scroll of identify {unknown}
 f - 2 scrolls of remove curse {unknown}
 g - a scroll of teleportation {unknown}
 h - a scroll of blinking
 l - a scroll of amnesia {unknown}


   Skills:
 + Level 3.5 Fighting
 + Level 3.4 Axes
 + Level 2.9 Armour
 + Level 1.1 Dodging
 + Level 3.2 Shields


You had 4 spell levels left.
You didn't know any spells.
Your spell library was empty.

Dungeon Overview and Level Annotations

Branches:
Dungeon (3/15)

Altars:
Nemelex Xobeh
Vehumet


Innate Abilities, Weirdness & Mutations

You are completely covered in rugged brown scales. (AC +3, +7% HP)
You have supernaturally acute eyesight. (SInv)
Armour fits poorly on your strangely shaped body.
You can roll at nearby foes to attack.
You have a long armoured tail.


Message History

You slash Ijyb!
You kill Ijyb!
You barely miss the worm. You slash the gnoll! You closely miss the gnoll.
The bat completely misses you. You block the gnoll's attack.
The gnoll hits you but does no damage. You block the gnoll's attack.
The worm bites you.
* * * LOW HITPOINT WARNING * * *
You have reached level 5!
You slash the worm!
You kill the worm!
You closely miss the gnoll. x2; You barely miss the gnoll.
The gnoll hits you but does no damage. The gnoll completely misses you.
The gnoll hits you.
* * * LOW HITPOINT WARNING * * *
The bat closely misses you. You block the gnoll's attack.
You closely miss the gnoll.
You hit the gnoll. x2; You barely miss the bat.
You block the bat's attack. The gnoll hits you.
* * * LOW HITPOINT WARNING * * *
The gnoll hits you.
You die...

.#
###.#####
#........
#........
#........
#........
#†)b$....
#@g......
#gg......
#g....(..
#(......(
.........
.........
...####..
....# ..


You could see 3 gnolls, a goblin and a bat.

Vanquished Creatures
  Ijyb (D:3)
  2 gnolls
  4 adders (D:2)
  4 worms
  A leopard gecko (D:2)
  An orc (D:3)
  7 bats
  8 giant cockroaches
  7 goblins
  4 hobgoblins
  2 jackals (D:1)
  A quokka (D:1)
  7 frilled lizards
  11 kobolds
  5 rats
65 creatures vanquished.

Notes
Turn   | Place    | Note
-------+----------+-------------------------------------------
     0 | D:1      | manyhoops the Palentonga Fighter began the quest for the
                  | Orb.
     0 | D:1      | Reached XP level 1. HP: 20/20 MP: 1/1
   132 | D:1      | Reached XP level 2. HP: 27/27 MP: 2/2
   401 | D:1      | Reached XP level 3. HP: 30/33 MP: 3/3
  1318 | D:1      | HP: 1/33 [quokka (2)]
  1506 | D:2      | Reached XP level 4. HP: 25/40 MP: 4/4
  1574 | D:2      | HP: 1/40 [adder (4)]
  1959 | D:2      | Found a radiant altar of Vehumet.
  2387 | D:2      | Found a sparkling altar of Nemelex Xobeh.
  2548 | D:3      | Noticed Ijyb
  2560 | D:3      | Reached skill level 1 in Dodging
  2560 | D:3      | Killed Ijyb
  2561 | D:3      | Reached XP level 5. HP: 6/48 MP: 5/5
  2562 | D:3      | HP: 1/48 [gnoll (2)]
  2562 | D:3      | Slain by a gnoll

Illustrated notes

Levels and vault maps discovered:
D:1:      psy_arrival_radial02, layout_basic
D:2:      minmay_roachtagon, layout_loops_ring, lemuel_doored_altar,
          vehumet_crystals, serial_park_tiny_pond
D:3:      layout_basic, general_overflow_altar, uniq_ijyb

Skill      XL: |  1  2  3  4 |
---------------+-------------+-----
Shields        | 3 |  3.2
Axes           | 3 |  3.4
Dodging        | 1 |  1.1
Fighting       | |  3.5
Armour         | |  2.9

Action                   |  1- 3 |  4- 6 || total
-------------------------+-------+-------++-------
Melee: War axe           |   126 |    65 ||   191
       Tailslap          |     6 |    10 ||    16
Throw: Dart              |       |     6 ||     6
 Abil: Rolling Charge    |     2 |       ||     2
Evoke: Wand              |       |     1 ||     1
  Use: Potion            |     1 |     3 ||     4
       Scroll            |       |     1 ||     1
Armor: Scale mail        |    87 |    52 ||   139
Dodge: Dodged            |    32 |    26 ||    58
Block: Kite shield       |    72 |    38 ||   110
